 Dungeon Crawl Stone Soup version 0.31.0-9-g3a7656b989 (webtiles) character file.

Game seed: 18247991153568120604

30 qw the Shooter (level 3, -6/20 HPs)
             Began as a Deep Elf Hunter on Feb 2, 2024.
             Mangled by a gnoll
             ... wielding a +0 flail
              (11 damage)
             ... on level 2 of the Dungeon.
             The game lasted 00:00:04 (1527 turns).

qw the Shooter (Deep Elf Hunter)                    Turns: 1527, Time: 00:00:04

Health: -6/20      AC:  3    Str: 10    XL:     3   Next: 5%
Magic:  5/5        EV: 12    Int: 13    God:
Gold:   89         SH:  0    Dex: 18    Spells: 2/2 levels left

rFire   . . .        a - +0 shortbow
rCold   . . .        (shield currently unavailable)
rNeg    . . .        c - +0 leather armour
rPois   .            (no helmet)
rElec   .            (no cloak)
rCorr   .            (no gloves)
SInv    .            (no boots)
Will    .....        (no amulet)
Stlth   ++           (no ring)
HPRegen 0.23/turn    (no ring)
MPRegen 0.09/turn

%: no passive effects
@: no status effects
A: no striking features
a: no special abilities


You were on level 2 of the Dungeon.
You visited 1 branch of the dungeon, and saw 3 of its levels.

You collected 89 gold pieces.


   Skills:
 - Level 1.5 Fighting
 + Level 6.6 Ranged Weapons
 - Level 2.4 Dodging
 - Level 1.2 Stealth


You had 2 spell levels left.
You didn't know any spells.
Your spell library was empty.

Inventory:

Hand Weapons
 a - a +0 shortbow (weapon)
Armour
 c - a +0 leather armour (worn)
Potions
 d - a potion of heal wounds
 g - 2 potions of mutation
 h - a potion of curing

Dungeon Overview and Level Annotations

Branches:
Dungeon (3/15)

Altars:
Trog


Message History

HP restored.
You climb downwards.
The gnoll shouts!
You hear a shout!
The goblin barely misses you.
There is a stone staircase leading up here.
1516 ||| STAIRDANCE The goblin hits you with a +0 dagger.
The gnoll hits you with a +0 flail!
Ouch! That really hurt!
You climb upwards.
There is a stone staircase leading down here.
You shoot an arrow. The arrow hits the gnoll.
The gnoll is moderately wounded.
The goblin hits you but does no damage. The gnoll barely misses you.
You shoot an arrow. The arrow closely misses the gnoll.
The goblin hits you but does no damage. The gnoll closely misses you.
You shoot an arrow. The arrow barely misses the gnoll.
The goblin hits you with a +0 dagger. The gnoll closely misses you.
You shoot an arrow. The arrow hits the gnoll.
The gnoll is moderately wounded.
The goblin barely misses you. The gnoll misses you.
The goblin hits you with a +0 dagger. The gnoll closely misses you.
You shoot an arrow. The arrow closely misses the gnoll.
The goblin completely misses you. The gnoll closely misses you.
You shoot an arrow.
The arrow hits the gnoll but does no damage.
The gnoll is moderately wounded.
The goblin hits you but does no damage. The gnoll barely misses you.
You shoot an arrow. The arrow barely misses the gnoll.
The goblin hits you but does no damage. The gnoll closely misses you.
You shoot an arrow. The arrow barely misses the gnoll.
The goblin barely misses you. The gnoll barely misses you.
You shoot an arrow.
The arrow hits the gnoll but does no damage.
The gnoll is moderately wounded.
The goblin hits you with a +0 dagger. The gnoll closely misses you.
You shoot an arrow. The arrow hits the gnoll.
The gnoll is heavily wounded.
The goblin hits you with a +0 dagger. The gnoll hits you with a +0 flail!
Ouch! That really hurt!
You die...

......#.#######...###.........#.#
###.###......##...##..........#.#
##.###.#######...##..........#.#
#................#..#####....#.#
#..###...####......## #....#.#
#..###.#.####....### ######.#
##......#.....#...# #.#
#...............gg# #.#
#....##########.@## #.# #....#
##.# #.# #....# #)######### #.#
#....# #.........# #.# ######
#.##......# #.# #.##......# #.#
#.##......# #.# #.###'##### #.#
### #.# #.#


You could see a gnoll and a goblin.

Vanquished Creatures
  An adder (D:2)
  A ball python (D:1)
  A bat (D:1)
  3 endoplasms (D:1)
  2 giant cockroaches (D:1)
  A hobgoblin (D:1)
  3 quokkas
  A frilled lizard (D:1)
  4 goblins
  A kobold (D:1)
  2 rats (D:1)
20 creatures vanquished.

Notes
Turn   | Place    | Note
-------+----------+-------------------------------------------
     0 | D:1      | qw the Deep Elf Hunter began the quest for the Orb.
     0 | D:1      | Reached XP level 1. HP: 12/12 MP: 3/3
     0 | D:1      | 0 ||| qw: Version: 0.3-a-155-g5e7d8dd
     0 | D:1      | 0 ||| qw: Game counter: 1051
     0 | D:1      | 0 ||| qw: Melee chars always use a shield: true
     0 | D:1      | 0 ||| qw: God list: Okawaru
     0 | D:1      | 0 ||| qw: Allow faded altars: false
     0 | D:1      | 0 ||| qw: Do Orc after clearing Dungeon:15 true
     0 | D:1      | 0 ||| qw: Do second Lair branch before Depths: true
     0 | D:1      | 0 ||| qw: Lair rune preference: random
     0 | D:1      | 0 ||| qw: Goals: Normal
     0 | D:1      | 0 ||| PLANNING D:1-11
   247 | D:1      | Reached XP level 2. HP: 12/16 MP: 4/4
   252 | D:1      | Reached skill level 6 in Ranged Weapons
   671 | D:1      | 671 ||| DROPPING scarf of shadows.
   672 | D:1      | 672 ||| READING scroll labelled OTWOTE FIXO.
   673 | D:1      | 673 ||| DROPPING scroll of butterflies.
   795 | D:2      | 795 ||| FLEEEEING.
   796 | D:2      | 796 ||| FLEEEEING.
   797 | D:2      | 797 ||| FLEEEEING.
   798 | D:2      | 798 ||| FLEEEEING.
   800 | D:2      | 800 ||| FLEEEEING.
   801 | D:2      | 801 ||| FLEEEEING.
   802 | D:2      | 802 ||| FLEEEEING.
   803 | D:2      | 803 ||| FLEEEEING.
   804 | D:2      | 804 ||| FLEEEEING.
   805 | D:2      | 805 ||| FLEEEEING.
   806 | D:2      | 806 ||| FLEEEEING.
   807 | D:2      | 807 ||| FLEEEEING.
   808 | D:2      | 808 ||| FLEEEEING.
   809 | D:2      | 809 ||| FLEEEEING.
   810 | D:2      | 810 ||| FLEEEEING.
   811 | D:2      | 811 ||| FLEEEEING.
   812 | D:2      | 812 ||| FLEEEEING.
   867 | D:2      | Found a faded altar of an unknown god.
  1214 | D:2      | Reached XP level 3. HP: 20/20 MP: 5/5
  1448 | D:2      | 1448 ||| READING scroll labelled WUICOO ADDUD.
  1449 | D:2      | 1449 ||| READING 2 scrolls labelled QELYTHRI ZOQY.
  1449 | D:2      | 1449 ||| IDENTIFYING bubbling puce potion
  1450 | D:2      | 1450 ||| READING scroll of identify.
  1450 | D:2      | 1450 ||| IDENTIFYING 2 red potions
  1451 | D:2      | 1451 ||| READING scroll labelled METWISK TAAPP.
  1452 | D:2      | 1452 ||| DRINKING 2 golden potions.
  1508 | D:3      | Found a bloodstained altar of Trog.
  1510 | D:3      | 1510 ||| STAIRDANCE
  1516 | D:3      | 1516 ||| STAIRDANCE
  1527 | D:2      | HP: 5/20 [goblin/+0 dagger (1)]
  1527 | D:2      | Mangled by a gnoll

Levels and vault maps discovered:
D:1:      nagdon_arrival_double_spiral, layout_basic
D:2:      layout_basic, hellmonk_ecumenical_altar_crossroads
D:3:      layout_basic, lemuel_tele_altar, nicolae_tso_besieged_by_evil,
          overflow_temple_1_default, nemelex_diamond_rough_becter

Skill      XL: |  1  2 |
---------------+-------+-----
Ranged Weapons | 6 |  6.6
Fighting       | |  1.5
Dodging        | |  2.4
Stealth        | |  1.2

Action                     || total
---------------------------++-------
   Fire: Shortbow          ||    56
    Use: Scroll            ||     5
         Potion            ||     1
 Armour: Leather armour    ||    17
  Dodge: Dodged            ||    20

Table legend:
 A = Non-vault XP
 B = Vault XP
 C = Vault XP percentage of total XP
 D = Non-vault monster count
 E = Vault monster count
 F = Vault count percentage of total count
                 A         B        C        D         E       F
            +---------+---------+-------+---------+---------+-------
      Total |      44 |       0 |   0.0 |      20 |       0 |   0.0
            +---------+---------+-------+---------+---------+-------
        D:1 |      23 |       0 |   0.0 |      14 |       0 |   0.0
        D:2 |      21 |       0 |   0.0 |       6 |       0 |   0.0
            +---------+---------+-------+---------+---------+-------
